Map: Kairos Junction LE

Players

TLO

  • Race: Zerg Zerg
  • Spawn Location: 11:00

goblin - Winner!

  • Race: Protoss Protoss
  • Spawn Location: 5:00

Event: IEM Season 13: Katowice (2019)

VOD

Have the link to the VOD?

Description

Time

  • Played on: Feb. 25, 2019, 9:53 a.m.
  • Length: 6:13

All games in this series

Show
View Real Time Build Order
Export as new Build Order

TLO Zerg 

Build Orders: Hatch First 

Get SALT Encoding   

  12  0:00  Drone  
  13  0:07  Drone  
  14  0:14  Extractor  
  14  0:15  Drone  
  15  0:21  Overlord  
  15  0:45  Hatchery  
  15  0:48  Drone  
  15  0:51  Drone  
  15  0:55  Drone  
  17  1:10  Spawning Pool  
  16  1:13  Drone  
  16  1:16  Drone  
  18  1:19  Extractor  
  18  1:21  Drone  
  18  1:31  Drone  
  19  1:42  Drone  
  20  1:52  Overlord  
  20  1:57  Queen  
  20  1:58  Queen, Zergling x2  
  25  2:03  Drone  
  25  2:08  Drone  
  27  2:15  Drone  
  28  2:19  Drone  
  29  2:25  Drone  
  30  2:32  Hatchery  
  29  2:38  Metabolic Boost  
  29  2:40  Drone  
  30  2:48  Queen  
  30  2:50  Overlord  
  32  2:53  Drone  
  32  2:55  Drone  
  34  2:59  Drone  
  34  3:06  Overlord  
  34  3:07  Drone x2  
  34  3:09  Zergling x2  
  34  3:10  Drone  
  34  3:12  Drone  
  39  3:16  Overlord  
  39  3:18  Drone  
  40  3:20  Drone  
  40  3:22  Drone  
  40  3:26  Drone  
  43  3:29  Zergling x2  
  44  3:35  Roach Warren  
  44  3:36  Drone  
  44  3:39  Overlord  
  44  3:41  Drone x2  
  46  3:43  Drone  
  46  3:45  Drone  
  46  3:47  Drone  
  49  3:52  Drone  
  50  3:56  Drone x2  
  50  3:57  Drone x2  
  50  4:00  Drone  
  55  4:02  Queen  
  55  4:06  Drone  
  55  4:08  Overlord  
  55  4:09  Drone x2  
  60  4:16  Spore Crawler x2  
  58  4:17  Spore Crawler  
  58  4:18  Roach  
  58  4:20  Roach  
  58  4:23  Roach  
  63  4:26  Roach  
  63  4:27  Roach  
  63  4:29  Roach  
  69  4:33  Drone  
  69  4:37  Extractor, Drone x2  
  69  4:38  Roach, Extractor, Drone  
  72  4:41  Drone  
  72  4:43  Roach, Drone  
  77  4:46  Roach  
  77  4:48  Zergling x4  
  77  4:50  Overlord  
  81  4:56  Overlord  
  81  4:58  Overlord  
  81  5:02  Overlord  
  81  5:03  Overlord  
  80  5:08  Ravager  
  80  5:09  Zergling x2  
  80  5:10  Zergling x6  
  80  5:11  Queen  
  80  5:12  Zergling x2  
  87  5:15  Zergling x2  
  87  5:20  Roach  
  89  5:23  Roach, Zergling x2  
  89  5:24  Roach, Zergling x2  
  89  5:25  Zergling x4  
  90  5:32  Roach  
  90  5:34  Roach, Zergling x2  
  91  5:36  Roach x2  
  91  5:37  Queen  
  91  5:39  Ravager  
  99  5:43  Roach  
  99  5:45  Roach  
  99  5:47  Roach  
Show
View Real Time Build Order
Export as new Build Order

goblin Protoss - Winner!

Build Orders: 1 Gate Expand 

Get SALT Encoding   

  12  0:00  Probe  
  13  0:12  Probe  
  14  0:18  Pylon  
  14  0:24  Probe  
  15  0:32  Probe  
  15  0:39  Gateway  
  15  0:41  Probe  
  16  0:46  Assimilator  
  17  0:51  Probe  
  18  1:03  Probe  
  19  1:20  Nexus  
  19  1:23  Probe  
  20  1:36  Cybernetics Core  
  20  1:37  Probe  
  21  1:45  Assimilator  
  21  1:49  Probe  
  21  1:51  Pylon  
  22  1:58  Probe  
  23  2:02  Adept  
  23  2:06  Probe  
  23  2:15  Probe  
  26  2:21  Robotics Facility  
  27  2:27  Probe  
  27  2:28  Warp Gate  
  28  2:31  Probe  
  28  2:32  Stalker  
  31  2:39  Probe x2  
  33  2:49  Probe  
  33  2:51  Probe  
  35  2:59  Immortal  
  35  3:03  Probe  
  36  3:12  Twilight Council  
  41  3:20  Gateway  
  41  3:28  Warp Prism  
  41  3:30  Probe  
  41  3:38  Gateway, Charge  
  41  3:40  Gateway  
  43  3:45  Pylon  
  43  3:55  Gateway  
  43  4:00  Immortal, Gateway  
  47  4:15  Gateway  
  47  4:16  Gateway  
  47  4:24  Pylon  
  47  4:27  Zealot x2  
  51  4:31  Pylon  
  51  4:37  Pylon  
  51  4:38  Zealot  
  53  4:45  Pylon  
  53  5:01  Zealot x2  
  53  5:02  Zealot x4  
  53  5:05  Pylon  
  65  5:22  Zealot x6  
  67  5:40  Zealot x2  
  71  5:42  Zealot  
  71  5:43  Zealot x3  
  75  6:01  Zealot  
  75  6:02  Zealot x3  
  77  6:04  Zealot x3  

Tags
 
Add a new tag
Caveats
  • Supply blocks, unpowered buildings, or Contaminate may cause inaccurate times.
  • Supply counts are checked every 10 seconds.